 Dungeon Crawl Stone Soup version 0.30-a0-145-g03d90e2e6d (webtiles) character file.

Game seed: 6014260075479516610

365 qw the Chopper (level 6, -13/38 HPs)
             Began as a Gargoyle Fighter on Sept 26, 2022.
             Mangled by Pikel
             ... wielding a +2 whip of freezing
              (15 damage)
             ... on level 4 of the Dungeon.
             The game lasted 00:01:24 (4038 turns).

qw the Chopper (Gargoyle Fighter)                   Turns: 4038, Time: 00:01:24

Health: -13/38     AC: 19    Str: 21    XL:     6   Next: 68%
Magic:  6/6        EV:  8    Int:  9    God:
Gold:   273        SH:  4    Dex:  9    Spells: 5/5 levels left

rFire   . . .      SeeInvis .    Y - +0 war axe
rCold   . . .      Faith    .    c - +0 buckler
rNeg    + . .      Spirit   .    i - +0 chain mail
rPois   inf        Reflect  .    g - +0 helmet
rElec   +          Harm     .    l - +0 cloak
rCorr   .          Rampage  .    (no gloves)
Will    .....      Clarity  +    k - +2 pair of boots
Stlth   ..........               (no amulet)
HPRegen 0.12/turn                (no ring)
MPRegen 0.10/turn                (no ring)

@: no status effects
A: sickness immunity, AC +4, negative energy resistance 1, electricity
resistance, torment resistance 1, petrification resistance, clarity, screaming
1, sturdy frame 1
a: no special abilities


You were on level 4 of the Dungeon.
You visited 1 branch of the dungeon, and saw 4 of its levels.

You collected 273 gold pieces.


Innate Abilities, Weirdness & Mutations

You are immune to sickness and miasma.
Your stone body is resilient. (AC +4)
You are immune to poison.
You resist negative energy. (rN+)
You are resistant to electric shocks. (rElec)
You are resistant to unholy torment.
You are immune to petrification.
You possess an exceptional clarity of mind.
You occasionally shout uncontrollably at your foes.
Your movements are slightly less encumbered by armour. (ER -2)


   Skills:
 - Level 4.0 Fighting
 - Level 6.0 Axes
 - Level 3.2 Armour
 + Level 0.0 Dodging
 - Level 3.2 Shields


You had 5 spell levels left.
You didn't know any spells.
Your spell library was empty.

Inventory:

Hand Weapons
 a - a +0 whip
 Y - a +0 war axe (weapon)
Missiles
 h - 3 boomerangs (quivered)
Armour
 c - a +0 buckler (worn)
 g - a +0 helmet (worn)
 i - a +0 chain mail (worn)
 k - a +2 pair of boots (worn)
 l - a +0 cloak (worn)
Scrolls
 f - a scroll of identify
 j - a scroll of magic mapping {unknown}
 m - a scroll of enchant weapon {unknown}
Potions
 b - a potion of attraction
 d - a potion of might
 e - a potion of heal wounds {unknown}
 n - a potion of curing

Dungeon Overview and Level Annotations

Branches:
Dungeon (4/15)
 Temple: D:4-7

Altars:

Annotations:
D:2 1 runed translucent door, Crazy Yiuf
D:4 Ijyb, Pikel


Message History

You barely miss Pikel. Pikel hits you but does no damage.
You block Pikel's attack.
You closely miss Pikel. Pikel hits you but does no damage.
You closely miss Pikel.
Pikel hits you with a +2 whip of freezing.
Pikel freezes you.
You barely miss Pikel.
Pikel hits you with a +2 whip of freezing.
Pikel freezes you.
You barely miss Pikel. Pikel hits you but does no damage.
Ijyb screams, "Get away!"
You block Pikel's attack.
You barely miss Pikel. You block Pikel's attack.
You hit Pikel.
Pikel is lightly wounded.
Pikel hits you with a +2 whip of freezing!
Pikel freezes you.
You slash Pikel!
Pikel is moderately wounded.
Pikel hits you but does no damage.
Pikel hits you with a +2 whip of freezing.
Pikel freezes you.
You closely miss Pikel.
Pikel is moderately wounded.
Pikel barely misses you.
You slash Pikel!
Pikel is severely wounded.
Pikel hits you with a +2 whip of freezing!
Pikel freezes you.
You closely miss Pikel.
Pikel is severely wounded.
You block Pikel's attack.
You hit Pikel.
Pikel is severely wounded.
Pikel hits you but does no damage.
Pikel hits you with a +2 whip of freezing!
You die...

# #.# #.
#########.#
#5#.......#.#
#K@#####.#.#
##.##......##
...#.##....######
......##..........
.............####
.....#######.######
#.(...# #......#
##...## #..###.#
#..># #..###.##


You could see Pikel (strong) and a lemure.

Vanquished Creatures
  A necrophage (D:3)
  A gnoll bouda (D:4)
  Jessica (D:2)
  An iguana (D:4)
  6 adders
  7 gnolls
  3 worms (D:2)
  2 dart slugs
  6 bats
  7 endoplasms
  7 giant cockroaches
  3 hobgoblins
  8 jackals
  4 quokkas
  14 ball pythons
  6 frilled lizards
  7 goblins
  3 kobolds
  8 rats
95 creatures vanquished.

Notes
Turn   | Place    | Note
-------+----------+-------------------------------------------
     0 | D:1      | qw the Gargoyle Fighter began the quest for the Orb.
     0 | D:1      | Reached XP level 1. HP: 14/14 MP: 1/1
     0 | D:1      | 0 ||| qw: Version: 0.2-a-10-g399e6c4
     0 | D:1      | 0 ||| qw: Game counter: 492
     0 | D:1      | 0 ||| qw: Always use a shield: true
     0 | D:1      | 0 ||| qw: God list: Okawaru
     0 | D:1      | 0 ||| qw: Allow faded altars: false
     0 | D:1      | 0 ||| qw: Do Orc after D:15 true
     0 | D:1      | 0 ||| qw: Do second Lair branch before Depths: true
     0 | D:1      | 0 ||| qw: Lair rune preference: random
     0 | D:1      | 0 ||| qw: Plans: Normal, Zot:1-4, God:TSO, Crypt, Tomb,
                  | Pan, Slime:5, Hells, Abyss, Orb
     0 | D:1      | 0 ||| PLANNING D:1-11
    75 | D:1      | Reached skill level 2 in Axes
   160 | D:1      | Reached XP level 2. HP: 19/19 MP: 2/2
   262 | D:1      | 262 ||| Stepping ~*~*~tactically~*~*~ (stealth).
   356 | D:1      | 356 ||| Stepping ~*~*~tactically~*~*~ (stealth).
   453 | D:1      | 453 ||| Stepping ~*~*~tactically~*~*~ (hiding).
   461 | D:1      | Reached skill level 3 in Axes
   638 | D:1      | Reached XP level 3. HP: 22/23 MP: 3/3
   655 | D:1      | 655 ||| Stepping ~*~*~tactically~*~*~ (stealth).
   766 | D:1      | 766 ||| Stepping ~*~*~tactically~*~*~ (stealth).
   767 | D:1      | 767 ||| Stepping ~*~*~tactically~*~*~ (stealth).
  1017 | D:1      | Found a faded altar of an unknown god.
  1018 | D:1      | 1018 ||| Stepping ~*~*~tactically~*~*~ (stealth).
  1234 | D:1      | 1234 ||| UPGRADING to +0 pair of boots.
  1239 | D:1      | 1239 ||| UPGRADING to +0 cloak.
  1244 | D:1      | 1244 ||| READING scroll labelled VUKENWIDYE.
  1245 | D:1      | 1245 ||| READING scroll labelled NIOPPI XUOHIO.
  1246 | D:1      | 1246 ||| READING scroll labelled GUMUTHR ELLUSTO.
  1247 | D:1      | 1247 ||| READING 2 scrolls labelled QAIREP KAOFIS.
  1248 | D:1      | 1248 ||| READING scroll of enchant armour.
  1248 | D:1      | 1248 ||| ENCHANTING +0 pair of boots.
  1249 | D:1      | 1249 ||| READING scroll labelled LOIZOL RAENIT.
  1250 | D:1      | 1250 ||| READING scroll labelled DORENE WIABLYA.
  1342 | D:2      | Found a runed translucent door.
  1343 | D:2      | Noticed Crazy Yiuf
  1418 | D:2      | Reached XP level 4. HP: 28/28 MP: 4/4
  1472 | D:2      | Reached skill level 4 in Axes
  1501 | D:2      | Noticed Jessica
  1507 | D:2      | Killed Jessica
  1650 | D:2      | Reached XP level 5. HP: 32/32 MP: 5/5
  1691 | D:2      | 1691 ||| Stepping ~*~*~tactically~*~*~ (stealth).
  1703 | D:2      | 1703 ||| FLEEEEING.
  1704 | D:2      | 1704 ||| FLEEEEING.
  1705 | D:2      | 1705 ||| FLEEEEING.
  1706 | D:2      | 1706 ||| FLEEEEING.
  1707 | D:2      | 1707 ||| FLEEEEING.
  1708 | D:2      | 1708 ||| FLEEEEING.
  1709 | D:2      | 1709 ||| FLEEEEING.
  1710 | D:2      | 1710 ||| FLEEEEING.
  1711 | D:2      | 1711 ||| FLEEEEING.
  1712 | D:2      | 1712 ||| FLEEEEING.
  1714 | D:2      | 1714 ||| FLEEEEING.
  1715 | D:2      | 1715 ||| FLEEEEING.
  1716 | D:2      | 1716 ||| FLEEEEING.
  1717 | D:2      | 1717 ||| FLEEEEING.
  1718 | D:2      | 1718 ||| FLEEEEING.
  1719 | D:2      | 1719 ||| FLEEEEING.
  1720 | D:2      | 1720 ||| FLEEEEING.
  1721 | D:2      | 1721 ||| FLEEEEING.
  1722 | D:2      | 1722 ||| FLEEEEING.
  1723 | D:2      | 1723 ||| FLEEEEING.
  1724 | D:2      | 1724 ||| FLEEEEING.
  1726 | D:2      | 1726 ||| FLEEEEING.
  1727 | D:2      | 1727 ||| FLEEEEING.
  1728 | D:2      | 1728 ||| FLEEEEING.
  1729 | D:2      | 1729 ||| FLEEEEING.
  1730 | D:2      | 1730 ||| FLEEEEING.
  1817 | D:2      | 1817 ||| READING scroll of enchant armour.
  1817 | D:2      | 1817 ||| ENCHANTING +1 pair of boots.
  2258 | D:2      | 2258 ||| DROPPING +2 pair of boots.
  2259 | D:2      | 2259 ||| UPGRADING to +0 helmet.
  2264 | D:2      | 2264 ||| UPGRADING to +0 chain mail.
  2274 | D:2      | 2274 ||| DROPPING +0 scale mail.
  2275 | D:2      | 2275 ||| DRINKING 2 orange potions.
  2328 | D:3      | 2328 ||| STAIRDANCE
  2456 | D:3      | 2456 ||| STAIRDANCE
  2599 | D:3      | 2599 ||| Stepping ~*~*~tactically~*~*~ (hiding).
  2601 | D:3      | 2601 ||| Stepping ~*~*~tactically~*~*~ (hiding).
  2655 | D:3      | 2655 ||| Stepping ~*~*~tactically~*~*~ (stealth).
  2712 | D:3      | Reached skill level 5 in Axes
  2892 | D:3      | 2892 ||| Stepping ~*~*~tactically~*~*~ (hiding).
  2902 | D:3      | Reached XP level 6. HP: 18/37 MP: 6/6
  2906 | D:3      | HP: 9/37 [gnoll/+0 spear (1)]
  2908 | D:3      | HP: 4/37 [gnoll/+0 spear (5)]
  3544 | D:3      | 3544 ||| READING scroll labelled PUROGU FISHRICK.
  3545 | D:3      | 3545 ||| DRINKING 3 bubbling green potions.
  3545 | D:3      | Gained mutation: You sometimes lose your temper in combat.
                  | [potion of mutation]
  3545 | D:3      | Gained mutation: You are dopey. (Int -2) [potion of
                  | mutation]
  3546 | D:3      | 3546 ||| DRINKING 2 potions of mutation.
  3546 | D:3      | Lost mutation: You are dopey. (Int -2) [potion of mutation]
  3546 | D:3      | Lost mutation: You sometimes lose your temper in combat.
                  | [potion of mutation]
  3546 | D:3      | Gained mutation: Your spells are a little easier to cast,
                  | but a little less powerful. [potion of mutation]
  3546 | D:3      | Gained mutation: You occasionally lose the ability to drink
                  | potions when taking damage. [potion of mutation]
  3547 | D:3      | 3547 ||| DRINKING potion of mutation.
  3547 | D:3      | Lost mutation: Your spells are a little easier to cast, but
                  | a little less powerful. [potion of mutation]
  3547 | D:3      | Lost mutation: You occasionally lose the ability to drink
                  | potions when taking damage. [potion of mutation]
  3547 | D:3      | Gained mutation: Your movements are slightly less
                  | encumbered by armour. (ER -2) [potion of mutation]
  3547 | D:3      | Gained mutation: You occasionally shout uncontrollably at
                  | your foes. [potion of mutation]
  3547 | D:3      | Gained mutation: You possess an exceptional clarity of
                  | mind. [potion of mutation]
  3548 | D:3      | 3548 ||| READING 2 scrolls of identify.
  3548 | D:3      | 3548 ||| IDENTIFYING yellow potion
  3704 | D:4      | 3704 ||| Stepping ~*~*~tactically~*~*~ (hiding).
  3728 | D:4      | Reached skill level 6 in Axes
  3922 | D:4      | 3922 ||| DROPPING +0 club.
  4020 | D:4      | Noticed Pikel
  4025 | D:4      | Noticed Ijyb
  4036 | D:4      | HP: 6/38 [Pikel/+2 whip of freezing (11)]
  4036 | D:4      | HP: 2/38 [Pikel/+2 whip of freezing (4)]
  4038 | D:4      | Mangled by Pikel

Levels and vault maps discovered:
D:1:      dpeg_arrival_subterranean_lakeside_camping, layout_loops_ring,
          nicolae_ecumenical_snake_handling
D:2:      layout_basic, corexii_item_surrounded_by_moat,
          minmay_indecisive_spiral, uniq_jessica, uniq_crazy_yiuf_cottage
D:3:      layout_loops_cross
D:4:      layout_loops_cross, amethyst_overflow_temple_binary,
          minmay_temple_entry_mist, chequers_mini_garden, minmay_mini_ossuary,
          uniq_sigmund, uniq_pikel, uniq_ijyb

Skill      XL: |  1  2  3  4  5  6 |
---------------+-------------------+-----
Axes           | 2 3 4 5 6 |  6.0
Fighting       | 4 |  4.0
Armour         | |  3.2
Shields        | |  3.2

Action                   |  1- 3 |  4- 6 || total
-------------------------+-------+-------++-------
Melee: War axe           |   106 |   169 ||   275
Throw: Boomerang         |       |    26 ||    26
  Use: Scroll            |     7 |     3 ||    10
       Potion            |       |     4 ||     4
Armor: Scale mail        |    64 |    34 ||    98
       Chain mail        |       |    75 ||    75
Dodge: Dodged            |    49 |    47 ||    96
Block: Buckler           |    22 |    34 ||    56

Table legend:
 A = Non-vault XP
 B = Vault XP
 C = Vault XP percentage of total XP
 D = Non-vault monster count
 E = Vault monster count
 F = Vault count percentage of total count
                 A         B        C        D         E       F
            +---------+---------+-------+---------+---------+-------
      Total |     457 |      65 |  12.5 |      81 |      14 |  14.7
            +---------+---------+-------+---------+---------+-------
        D:1 |      43 |      11 |  20.4 |      24 |       9 |  27.3
        D:2 |      92 |      54 |  37.0 |      28 |       5 |  15.2
        D:3 |     189 |       0 |   0.0 |      22 |       0 |   0.0
        D:4 |     133 |       0 |   0.0 |       7 |       0 |   0.0
            +---------+---------+-------+---------+---------+-------
